 Dungeon Crawl Stone Soup version 0.28-a0-114-g2bf3c13a2f (webtiles) character file.

Game seed: 9685345875618269413

672 Rennog the Insei (level 7, -1/46 HPs)
             Began as an Octopode Transmuter on Aug 12, 2021.
             Was an Initiate of Cheibriados.
             Succumbed to a water moccasin's poison
             ... on level 5 of the Dungeon.
             The game lasted 00:09:02 (5954 turns).

Rennog the Insei (Octopode Transmuter)              Turns: 5954, Time: 00:09:02

Health: -1/46      AC:  1    Str: 11    XL:     7   Next: 58%
Magic:  8/12       EV: 13    Int: 17    God:    Cheibriados [......]
Gold:   107        SH:  0    Dex: 14    Spells: 7/13 levels left

rFire   + . .      SeeInvis .     - Unarmed
rCold   + . .      Faith    .   (no shield)
rNeg    . . .      Spirit   .   (helmet restricted)
rPois   +          Reflect  .   (no amulet)
rElec   +          Harm     .   (no ring)
rCorr   +          Rampage  .   (no ring)
Will    .....                   (no ring)
Stlth   +++.......              (no ring)
HPRegen 0.15/turn               (no ring)
MPRegen 0.13/turn               (no ring)
                                (no ring)
                                (no ring)

@: brilliant, lethally poisoned (-1 -> -11), resistant, flying, very slow
A: almost no armour, amphibious, 8 rings, camouflage 1, gelatinous body 1,
(nimble swimmer 1), tentacles
a: Renounce Religion, Bend Time


You were on level 5 of the Dungeon.
You worshipped Cheibriados.
Cheibriados was noncommittal.
You visited 2 branches of the dungeon, and saw 6 of its levels.

You collected 107 gold pieces.

Inventory:

Jewellery
 l - a +6 ring of intelligence
Scrolls
 b - a scroll of identify
 d - a scroll of blinking {unknown}
 e - a scroll of amnesia {unknown}
 f - a scroll of enchant weapon {unknown}
 g - a scroll of enchant armour {unknown}
 h - a scroll of teleportation {unknown}
 i - a scroll of immolation {unknown}
 k - 2 scrolls of vulnerability
Potions
 a - a potion of flight


   Skills:
 + Level 3.1 Fighting
 - Level 2.1 Dodging
 + Level 2.6 Stealth
 * Level 5.0 Unarmed Combat
 + Level 3.5 Spellcasting
 * Level 4.9 Transmutations


You had 7 spell levels left.
You knew the following spells:

 Your Spells              Type           Power      Damage    Failure   Level
a - Beastly Appendage     Tmut           58%        N/A       2%          1
b - Wereblood             Tmut           29%        N/A       3%          2
c - Spider Form           Tmut/Pois      8%         N/A       19%         3

Your spell library contained the following spells:

 Spells                   Type           Power      Damage    Failure   Level
 Passwall                 Tmut/Erth      14%        N/A       9%          2
 Shock                    Conj/Air       16%        1d4       17%         1
 Swiftness                Air            4%         N/A       45%         3
 Ice Form                 Ice/Tmut       17%        N/A       52%         4
 Airstrike                Air            2%         N/A       86%         4
 Invisibility             Hex            2%         N/A       100%        6


Dungeon Overview and Level Annotations

Branches:
Dungeon (5/15)             Temple (1/1) D:4

Altars:
Ashenzari
Cheibriados
Dithmenos
Gozag
Kikubaaqudgha
Nemelex Xobeh
Okawaru
Qazlal
Ru
Sif Muna
Trog
Uskayaw
Vehumet
Xom
Yredelemnul
Zin


Innate Abilities, Weirdness & Mutations

You cannot wear most types of armour.
You are amphibious.
You can wear up to eight rings at the same time.
Your skin changes colour to match your surroundings (Stealth+).
Your rubbery body absorbs attacks. (AC +1, EV +1)
((You are camouflaged near water. (Stealth+)))
You have tentacles for arms and can constrict up to eight enemies at once.


Message History

The water moccasin completely misses you.
You barely miss the water moccasin.
The water moccasin is heavily wounded.
The water moccasin barely misses you.
You hit the water moccasin.
The water moccasin is poisoned.
The water moccasin is severely wounded.
The water moccasin barely misses you.
You bite the water moccasin!
The water moccasin is almost dead.
The water moccasin bites you!
You are lethally poisoned!
The water moccasin poisons you!
Your magical contamination has completely faded away.
You closely miss the water moccasin.
The water moccasin is almost dead.
You feel extremely sick. The water moccasin bites you.
The water moccasin bites you!
* * * LOW HITPOINT WARNING * * *
You feel extremely sick. The water moccasin closely misses you.
It was a potion of flight.
You feel very buoyant.
You fly up into the air.
* * * LOW HITPOINT WARNING * * *
You feel very sick.
You kill the water moccasin!
Cheibriados appreciates the change of pace.
Your Unarmed Combat skill increases to level 5!
It was a potion of brilliance.
You feel clever all of a sudden.
* * * LOW HITPOINT WARNING * * *
You feel very sick.
It was a potion of resistance.
You feel protected.
Your transformation has ended.
* * * LOW HITPOINT WARNING * * *
You feel very sick.
As you read the scroll labelled MEMU YVIUBE, it crumbles to dust.
It is a scroll of identify.
k - 2 scrolls of vulnerability You die...

h. .. .. ##. h##
.. .. ..##.##...
.# .........
...#....S...
#.##(# #.##†#
#.##@# #.##.#
#.##.#
#.#####....####
#...............<#
#.#####..#########
### ..# #..# ..#
#.# #..# #.# #.#
#..# #.#


There were no monsters in sight!

Vanquished Creatures
  A water moccasin (D:5)
  A black bear (D:4)
  A centaur (D:4)
  An ogre (D:4)
  A bullfrog skeleton (D:3)
  Jessica (D:3)
  An iguana (D:4)
  A scorpion zombie (D:5)
  A hound skeleton (D:4)
  4 gnolls
  6 adders
  2 worms
  3 dart slugs
  3 orcs (D:3)
  5 ball pythons
  9 endoplasms
  4 giant cockroaches
  5 goblins
  6 hobgoblins
  7 jackals
  3 kobolds
  3 quokkas
  13 bats
  4 frilled lizards
  6 rats
92 creatures vanquished.

Notes
Turn   | Place    | Note
-------+----------+-------------------------------------------
     0 | D:1      | Rennog the Octopode Transmuter began the quest for the Orb.
     0 | D:1      | Reached XP level 1. HP: 13/13 MP: 3/3
   715 | D:1      | Found a faded altar of an unknown god.
   800 | D:1      | Reached XP level 2. HP: 18/18 MP: 3/5
  1388 | D:2      | Reached XP level 3. HP: 14/23 MP: 4/6
  2400 | D:2      | Reached XP level 4. HP: 28/28 MP: 5/7
  2878 | D:2      | Learned a level 2 spell: Wereblood
  2882 | D:2      | Learned a level 3 spell: Spider Form
  2940 | D:3      | Noticed Jessica
  2952 | D:3      | Killed Jessica
  3069 | D:3      | Reached XP level 5. HP: 26/34 MP: 9/9
  3615 | D:3      | Reached skill level 4 in Unarmed Combat
  4222 | D:4      | Found a staircase to the Ecumenical Temple.
  4226 | D:4      | Noticed an ogre
  4367 | D:4      | Reached XP level 6. HP: 40/40 MP: 8/10
  4576 | Temple   | Entered the Ecumenical Temple
  4892 | Temple   | Became a worshipper of Cheibriados the Contemplative
  4924 | D:4      | Reached skill level 1 in Stealth
  5234 | D:4      | Noticed a black bear
  5244 | D:4      | Killed a black bear
  5245 | D:4      | Reached XP level 7. HP: 42/45 MP: 8/11
  5366 | D:4      | Found a sparkling altar of Nemelex Xobeh.
  5737 | D:5      | Entered Level 5 of the Dungeon
  5952 | D:5      | Reached skill level 5 in Unarmed Combat
  5953 | D:5      | HP: 1/46 [poisoned by a water moccasin]
  5954 | D:5      | Succumbed to a water moccasin's poison

Illustrated notes

Levels and vault maps discovered:
D:1:      ncdulo_wetmaze, layout_loops_corners, ebering_ecumenical_altar_ruins,
          serial_park_tiny_1
D:2:      minmay_diamond_boxcup, layout_loops_corners
D:3:      layout_loops_ring, uniq_jessica
D:4:      layout_loops_cross, nemelex_diamond_rough_becter,
          minmay_temple_entry_ruins, skrybe_limestone_x
D:5:      layout_loops_ring, grunt_temple_overflow_open, general_overflow_altar,
          minmay_puff
Temple:   regret_index_temple_waves

Skill      XL: |  1  2  3  4  5  6  7 |
---------------+----------------------+-----
Transmutations | 3 4 |  4.9
Fighting       | 2 3 |  3.1
Unarmed Combat | 4 5 |  5.0
Spellcasting   | 3 |  3.5
Stealth        | 1 2 |  2.6
Dodging        | |  2.1

Action                   |  1- 3 |  4- 6 |  7- 9 || total
-------------------------+-------+-------+-------++-------
Melee: Unarmed           |    82 |   119 |    30 ||   231
       Tentacles         |    14 |    22 |     2 ||    38
       Constrict         |    20 |    27 |     3 ||    50
       Kick              |     9 |    34 |     5 ||    48
       Punch             |       |     2 |     1 ||     3
 Cast: Beastly Appendage |    28 |    24 |     3 ||    55
       Spider Form       |       |     2 |     1 ||     3
  Use: Potion            |       |       |     3 ||     3
       Scroll            |       |       |     1 ||     1
 Stab: Sleeping          |     8 |    10 |     1 ||    19
Armor: Skin              |     7 |     6 |     1 ||    14
Dodge: Dodged            |    43 |    66 |    26 ||   135

Table legend: (Time is in decaauts)
 A = Elapsed time spent in this place.
 B = Non-inter-level travel time spent in this place.
 C = Inter-level travel time spent in this place.
 D = Time resting spent in this place.
 E = Time spent auto-exploring this place.
 F = Levels seen in this place.
 G = Mean time per level.
                   A        B        C        D        E       F      G
               +--------+--------+--------+--------+--------+-----+--------+
         Total |   6128 |   5760 |    368 |    157 |   4873 |   6 | 1021.3 |
       Dungeon |   5784 |   5543 |    241 |    157 |   4660 |   5 | 1156.8 |
        Temple |    344 |    217 |    127 |      0 |    213 |   1 |  344.0 |
               +--------+--------+--------+--------+--------+-----+--------+

Top non-repeatable levels by time:
     D:2: 1858 daAuts
     D:4: 1361 daAuts
     D:1: 1260 daAuts
     D:3: 1057 daAuts
  Temple: 344 daAuts
     D:5: 246 daAuts
